 Dungeon Crawl Stone Soup version 0.30-a0-718-geaa24f58ff (webtiles) character file.

Game seed: 8921368714582057571

4486 Absynth the Thaumaturge (level 10, -7/50 HPs)
             Began as a Deep Elf Fire Elementalist on Jan 25, 2023.
             Was a Believer of Vehumet.
             Mangled by Joseph
             ... wielding a +0 quarterstaff
              (9 damage)
             ... on level 8 of the Dungeon.
             The game lasted 00:31:14 (9442 turns).

Absynth the Thaumaturge (DEFE)                      Turns: 9442, Time: 00:31:15

Health: -7/50      AC:  8    Str:  5    XL:     10   Next: 16%
Magic:  4/26       EV: 10    Int: 25    God:    Vehumet [**....]
Gold:   329        SH:  0    Dex: 15    Spells: 20/30 levels left

rFire   + . .      SeeInvis .    B - +2 whip (flame)
rCold   . . .      Faith    .    (no shield)
rNeg    . . .      Spirit   .    y - +1 ring mail {rF+}
rPois   .          Reflect  .    (no helmet)
rElec   .          Harm     .    o - +0 cloak
rCorr   .          Rampage  .    p - +0 pair of gloves
Will    +....                    (no boots)
Stlth   +++                      (no amulet)
HPRegen 0.28/turn                v - ring of flight
MPRegen 0.20/turn                (no ring)

@: flying
A: no striking features
a: Renounce Religion


You were on level 8 of the Dungeon.
You worshipped Vehumet.
Vehumet was pleased with you.
You visited 2 branches of the dungeon, and saw 9 of its levels.

You collected 557 gold pieces.
You spent 228 gold pieces at shops.

Inventory:

Hand Weapons
 B - a +2 whip of flaming (weapon)
Armour
 a - a +0 robe
 n - the +4 pair of gloves "Mailop" {*Corrode Will+ Str+6}
   (You bought it in a shop on level 7 of the Dungeon)

   Str:       It affects your strength (+6).
   *Corrode:  It may corrode you when you take damage.
   Will:      It increases your willpower.
 o - a +0 cloak (worn)
 p - a +0 pair of gloves (worn)
 y - a +1 ring mail of fire resistance (worn)
Magical Staves
 t - a staff of death
Jewellery
 v - a ring of flight (left hand)
Wands
 x - a wand of light (7)
 C - a wand of flame (6)
Scrolls
 d - a scroll of noise {unknown}
 e - 7 scrolls of teleportation {unknown}
 g - 3 scrolls of fog {unknown}
 h - 2 scrolls of amnesia {unknown}
 i - 6 scrolls of identify {unknown}
 k - 2 scrolls of acquirement {unknown}
 l - a scroll of enchant weapon {unknown}
 q - a scroll of blinking {unknown}
 A - a scroll of vulnerability {unknown}
Potions
 b - 2 potions of flight {unknown}
 c - 3 potions of lignification {unknown}
 f - 3 potions of haste {unknown}
 j - 3 potions of mutation {unknown}
 m - 2 potions of degeneration {unknown}
 r - 2 potions of ambrosia {unknown}
 s - 2 potions of attraction {unknown}
 u - 2 potions of curing {unknown}
 w - 2 potions of brilliance {unknown}
 z - 2 potions of magic


   Skills:
 - Level 5.8 Dodging
 - Level 6.3 Stealth
 + Level 10.5 Spellcasting
 + Level 8.5 Conjurations
 + Level 9.2 Fire Magic


You had 20 spell levels left.
You knew the following spells:

 Your Spells              Type           Power      Damage    Failure   Level
a - Foxfire               Conj/Fire      100%       2x1d9     1%          1
b - Kindle Blastsparks    Fire/Tloc/Air  56%        2d14      19%         3
s - Scorch                Fire           100%       2d10      1%          2
w - Flame Wave            Conj/Fire      55%        2d13      6%          4

Your spell library contained the following spells:

 Spells                   Type           Power      Damage    Failure   Level
 Stone Arrow              Conj/Erth      68%        3d11      12%         3
 Inner Flame              Hex/Fire       36%        N/A       10%         3
 Dazzling Flash           Conj/Hex       68%        N/A       12%         3
 Summon Small Mammal      Summ           52%        N/A       22%         1
 Fulminant Prism          Conj/Hex       17%        3d10      36%         4
 Iskenderun's Mystic Bla  Conj/Tloc      34%        2d8       36%         4
 Call Canine Familiar     Summ           13%        N/A       56%         3
 Summon Guardian Golem    Hex/Summ       13%        N/A       56%         3
 Anguish                  Hex/Necr       6%         N/A       92%         4
 Agony                    Necr           13%        N/A       99%         5
 Lee's Rapid Deconstruct  Erth           6%         3d6*      99%         5
 Silence                  Hex/Air        6%         N/A       99%         5
 Enfeeble                 Hex            6%         N/A       100%        7


Dungeon Overview and Level Annotations

Branches:
Dungeon (8/15)             Temple (1/1) D:5
   Lair: D:8-11

Altars:
Ashenzari
Cheibriados
Dithmenos
Elyvilon
Fedhas
Gozag
Hepliaklqana
Kikubaaqudgha
Makhleb
Nemelex Xobeh
Okawaru
Qazlal
Ru
Sif Muna
Trog
Uskayaw
Vehumet
Wu Jian
Xom
Yredelemnul
Zin
The Shining One

Shops:
D:1 :   D:5 *   D:7 *

Annotations:
D:8 3 runed translucent doors, Joseph; mopl's ghost, novice MiDe


Message History

Joseph hits you with a +0 quarterstaff.
A wave of flame ripples out!
The flame wave engulfs Joseph.
Joseph resists.
Joseph is heavily wounded.
Vehumet accepts your kill.
You feel a bit more experienced.
You finish channelling waves of flame.
Joseph hits you with a +0 quarterstaff!
* * * LOW HITPOINT WARNING * * *
Casting: Flame Wave (dangerous; 6% risk of failure)
Confirm with . or Enter, or press ? or * to list all spells.
Casting: Flame Wave (dangerous; 6% risk of failure)
Press: ? - help, Dir - look around, f - activate A wave of flame ripples out!
The flame wave engulfs Joseph.
Joseph resists.
Joseph is heavily wounded. (Press . to intensify the flame waves.)
You hear a shout! x2
Joseph closely misses you.
An orc wizard comes into view. It is wielding a +0 dagger.
A wave of flame ripples out!
The flame wave engulfs Joseph!
Joseph resists.
Joseph is severely wounded.
The flame wave engulfs the orc wizard!
You kill the orc wizard!
Vehumet accepts your kill.
You feel your power returning. Joseph hits you with a +0 quarterstaff!
* * * LOW HITPOINT WARNING * * *
A wave of flame ripples out!
The flame wave engulfs Joseph!
Joseph resists.
Joseph is almost dead.
You finish channelling waves of flame.
Joseph hits you with a +0 quarterstaff!
* * * LOW HITPOINT WARNING * * *
An orc priest comes into view. It is wielding a +0 club.
Casting: Flame Wave (dangerous; 6% risk of failure)
Confirm with . or Enter, or press ? or * to list all spells.
Flames lash the orc priest.
You kill the orc priest!
Vehumet accepts your kill. Joseph closely misses you.
Casting: Scorch (safe; 1% risk of failure)
Confirm with . or Enter, or press ? or * to list all spells.
Flames lash Joseph.
Joseph completely resists.
Joseph hits you with a +0 quarterstaff!
You die...

#.# #.# ###.### #.
#.######.## #...... #
#.........## #....##.##
######.#.#.#####.........
#.#......##....##.#
#.###.#...#...#...
##...#.#.#....#.#.#
####.#...@).....#
#.###@#..#####
##...##..#####.#
######........#
##.####### #@# #.o ....
#.... ....##


You could see Joseph.

Vanquished Creatures
  Pikel (D:6)
  Maurice (D:8)
  Grinder (D:4)
  Eustachio (D:5)
  Menkaure (D:6)
  The ghost of gabibbone the Digger, an amateur FoEE (D:4)
  Edmund (D:6)
  An acid dragon (D:8)
  A water moccasin (D:6)
  Duvessa (D:5)
  An orc warrior (D:6)
  An ice beast (D:5)
  2 ogres (D:7)
  A phantom (D:5)
  A lemure (D:6)
  2 scorpions
  3 bullfrogs
  3 kobold brigands
  4 necrophages
  Dowan (D:5)
  6 wights
  6 killer bees (D:8)
  A gnoll bouda (D:7)
  A jelly (D:5)
  5 hounds
  2 orc priests
  3 iguanas
  Terence (D:2)
  Ijyb (D:5)
  5 orc wizards
  5 gnolls (D:7)
  12 adders
  3 shadow imps
  A white imp (D:6)
  An ufetubus (D:4)
  A worm (D:3)
  19 orcs
  9 ball pythons
  4 bats
  8 endoplasms
  3 giant cockroaches
  9 goblins
  2 hobgoblins
  3 jackals (D:2)
  31 kobolds
  5 quokkas
  4 frilled lizards
  3 rats
183 creatures vanquished.

Vanquished Creatures (collateral kills)
  5 foxfires (D:7)
5 creatures vanquished.

Vanquished Creatures (others)
  427 foxfires
  A fungus (D:8)
  53 plants
481 creatures vanquished.

Grand Total: 669 creatures vanquished

Notes
Turn   | Place    | Note
-------+----------+-------------------------------------------
     0 | D:1      | Absynth the Deep Elf Fire Elementalist began the quest for
                  | the Orb.
     0 | D:1      | Reached XP level 1. HP: 10/10 MP: 6/6
   296 | D:1      | Found Niqakhlo's Book Shoppe.
   326 | D:1      | Reached XP level 2. HP: 15/15 MP: 6/8
   329 | D:1      | Learned a level 2 spell: Scorch
  1132 | D:2      | Found a hide-covered altar of Uskayaw.
  1137 | D:2      | Noticed Terence
  1147 | D:2      | Killed Terence
  1148 | D:2      | Reached XP level 3. HP: 13/19 MP: 1/10
  1453 | D:2      | Reached XP level 4. HP: 24/24 MP: 7/11
  1600 | D:2      | Found a faded altar of an unknown god.
  2037 | D:3      | Found a white marble altar of Elyvilon.
  2045 | D:3      | Found a sparkling altar of Nemelex Xobeh.
  2045 | D:3      | Found a shadowy altar of Dithmenos.
  2045 | D:3      | Found a sacrificial altar of Ru.
  2046 | D:3      | Found a glowing golden altar of the Shining One.
  2046 | D:3      | Found an ancient bone altar of Kikubaaqudgha.
  2163 | D:3      | Reached skill level 4 in Spellcasting
  2772 | D:3      | Reached XP level 5. HP: 28/28 MP: 6/13
  3231 | D:4      | Found a runed translucent door.
  3240 | D:4      | Noticed gabibbone's ghost (amateur FoEE)
  3367 | D:4      | Noticed Grinder
  3378 | D:4      | Paralysed by Grinder for 5 turns
  3386 | D:4      | Paralysed by Grinder for 3 turns
  3389 | D:4      | Killed Grinder
  3390 | D:4      | Reached XP level 6. HP: 28/32 MP: 2/15
  3482 | D:4      | Learned a level 4 spell: Flame Wave
  3667 | D:4      | Reached skill level 5 in Spellcasting
  3942 | D:4      | Killed gabibbone's ghost
  3943 | D:4      | Reached skill level 5 in Stealth
  3943 | D:4      | Reached skill level 5 in Fire Magic
  3943 | D:4      | Reached XP level 7. HP: 26/36 MP: 0/17
  4093 | D:5      | Entered Level 5 of the Dungeon
  4210 | D:5      | Noticed Eustachio
  4227 | D:5      | Killed Eustachio
  4228 | D:5      | Reached skill level 5 in Dodging
  4335 | D:5      | Reached skill level 6 in Spellcasting
  4447 | D:5      | Reached XP level 8. HP: 41/41 MP: 16/19
  4500 | D:5      | Found Moetz's Assorted Antiques.
  4680 | D:5      | Found a staircase to the Ecumenical Temple.
  4692 | Temple   | Entered the Ecumenical Temple
  4793 | Temple   | Became a worshipper of Vehumet
  4873 | D:5      | Noticed Ijyb
  4883 | D:5      | Killed Ijyb
  5102 | D:5      | Noticed Duvessa
  5102 | D:5      | Noticed Dowan
  5117 | D:5      | Killed Dowan
  5128 | D:5      | Killed Duvessa
  5329 | D:6      | Reached skill level 5 in Conjurations
  5571 | D:6      | Reached skill level 7 in Spellcasting
  5705 | D:6      | Noticed Pikel
  5736 | D:6      | Killed Pikel
  5737 | D:6      | Reached skill level 8 in Spellcasting
  5737 | D:6      | Reached XP level 9. HP: 8/45 MP: 7/23
  5942 | D:6      | Learned a level 3 spell: Kindle Blastsparks
  6816 | D:6      | Noticed Edmund
  6830 | D:6      | Killed Edmund
  7150 | D:6      | Found an iron altar of Okawaru.
  7159 | D:6      | Noticed Menkaure
  7165 | D:6      | Killed Menkaure
  7165 | D:6      | Reached * piety under Vehumet
  7165 | D:6      | Offered knowledge of Sandblast by Vehumet.
  7166 | D:6      | Reached skill level 9 in Spellcasting
  8317 | D:7      | Offered knowledge of Static Discharge by Vehumet.
  8318 | D:7      | Reached ** piety under Vehumet
  8417 | D:7      | Reached skill level 10 in Spellcasting
  8478 | D:7      | Found Siamomm's Assorted Antiques.
  8486 | D:7      | Bought a pair of crude gloves for 228 gold pieces
  8486 | D:7      | Identified the +4 pair of gloves "Mailop" {*Corrode Will+
                  | Str+6} (You bought it in a shop on level 7 of the Dungeon)
  8868 | D:8      | Found a runed translucent gate.
  8868 | D:8      | Found a runed translucent gate.
  8868 | D:8      | Found a runed translucent gate.
  8869 | D:8      | Noticed a kobold demonologist
  8870 | D:8      | Noticed mopl's ghost (novice MiDe)
  9009 | D:8      | Noticed Maurice
  9015 | D:8      | Killed Maurice
  9016 | D:8      | Reached XP level 10. HP: 50/50 MP: 17/26
  9220 | D:8      | Offered knowledge of Stone Arrow by Vehumet.
  9421 | D:8      | Noticed Joseph
  9440 | D:8      | HP: 2/50 [Joseph/+0 quarterstaff (12)]
  9442 | D:8      | Mangled by Joseph

Illustrated notes

Levels and vault maps discovered:
D:1:      dpeg_arrival_erosion, layout_basic, serial_shops, nicolae_square_shop,
          corexii_item_surrounded_by_moat
D:2:      layout_rooms, shapermc_ecumenical_altar_notcrosses, basic_altar,
          uniq_terence
D:3:      layout_basic, grunt_temple_overflow_open, serial_aquarium,
          aquarium_bridge_long_separate [aquarium_subvault_bridge,
          aquarium_subvault_wall, aquarium_subvault_window,
          aquarium_subvault_wall, aquarium_subvault_wall,
          aquarium_subvault_bridge], aquarium_window_1, aquarium_window_1,
          aquarium_window_1, aquarium_view_2f, aquarium_balcony_5a,
          aquarium_pool_1
D:4:      layout_basic, ebering_ghost_sewer_d, ebering_dispersal_statue_hall,
          dreamdust_mushroom_princess, uniq_grinder
D:5:      layout_gridville, temple_statues, serial_shops, shop, uniq_eustachio,
          uniq_duvessa, uniq_ijyb
D:6:      layout_layer_cave, mainiacjoe_overflow_surrounded_room,
          grunt_ministairs_6, minmay_misc_feat_nine_boxes, uniq_edmund,
          uniq_pikel, uniq_menkaure
D:7:      kennysheep_kobold_camp, layout_cave_pools, serial_shops, shop
D:8:      layout_loops_corners, gammafunk_ghost_nasty_kobolds, nicolae_sextant,
          uniq_maurice, uniq_joseph, uniq_erica, uniq_grum
Temple:   regret_index_temple_waves

Skill      XL: |  1  2  3  4  5  6  7  8  9 |
---------------+----------------------------+-----
Dodging        | 3 4 5 |  5.8
Stealth        | 3 4 5 6 |  6.3
Conjurations   | 2 3 4 6 8 |  8.5
Spellcasting   | 4 5 6 8 10 | 10.5
Fire Magic     | 4 5 7 9 |  9.2

Action                     |  1- 3 |  4- 6 |  7- 9 | 10-12 || total
---------------------------+-------+-------+-------+-------++-------
  Melee: Lajatang          |     2 |       |       |       ||     2
   Cast: Foxfire           |    33 |    47 |   165 |     7 ||   252
         Scorch            |     8 |    26 |    54 |    14 ||   102
         Flame Wave        |       |     2 |     7 |     3 ||    12
         Kindle Blastspark |       |       |    27 |     4 ||    31
    Use: Potion            |       |       |     2 |       ||     2
 Armour: Robe              |       |     6 |     4 |       ||    10
         Ring mail         |       |       |       |     4 ||     4
  Dodge: Dodged            |     2 |    11 |    40 |     9 ||    62

Table legend: (Time is in decaauts)
 A = Elapsed time spent in this place.
 B = Non-inter-level travel time spent in this place.
 C = Inter-level travel time spent in this place.
 D = Time resting spent in this place.
 E = Time spent auto-exploring this place.
 F = Levels seen in this place.
 G = Mean time per level.
                   A        B        C        D        E       F      G
               +--------+--------+--------+--------+--------+-----+--------+
         Total |   9447 |   9125 |    322 |   1714 |   6068 |   9 | 1049.7 |
       Dungeon |   9327 |   9023 |    304 |   1714 |   5982 |   8 | 1165.9 |
        Temple |    120 |    102 |     18 |      0 |     86 |   1 |  120.0 |
               +--------+--------+--------+--------+--------+-----+--------+

Top non-repeatable levels by time:
     D:6: 2423 daAuts
     D:5: 1278 daAuts
     D:3: 1198 daAuts
     D:4: 1050 daAuts
     D:1: 1013 daAuts
     D:7: 903 daAuts
     D:2: 835 daAuts
     D:8: 623 daAuts
  Temple: 120 daAuts
